 Dungeon Crawl Stone Soup version 0.31-a0-431-g88bdf31460 (webtiles) character file.

Game seed: 1295007246110438263

67849 ragingrage the Gelid (level 15, -19/115 HPs)
             Began as a Merfolk Wanderer on July 28, 2023.
             Was an Initiate of Gozag.
             Demolished by a two-headed ogre
             ... wielding a +0 giant club
              (20 damage)
             ... on level 2 of the Orcish Mines on Aug 1, 2023.
             The game lasted 00:37:53 (29039 turns).

ragingrage the Gelid (Merfolk Wanderer)            Turns: 29039, Time: 00:37:54

Health: -19/115    AC: 16    Str: 15    XL:     15   Next: 24%
Magic:  27/34      EV: 12    Int: 27    God:    Gozag
Gold:   2849       SH:  4    Dex:  9    Spells: 9/28 levels left

rFire   . . .        a - +7 short sword "Vyur" {venom, Will+}
rCold   + . .        e - +0 buckler
rNeg    . . .        E - +3 ring mail {rC+}
rPois   +            n - +1 helmet
rElec   .            M - +2 cloak
rCorr   .            N - +1 pair of gloves
SInv    .            f - +0 pair of boots
Will    ++...        J - amulet of magic regeneration
Stlth   ++           p - +6 ring of intelligence
HPRegen 0.39/turn    Q - ring "Syihaor" {rPois MP+9 Slay+3}
MPRegen 0.64/turn

%: no passive effects
@: brilliant, gold aura, studying Invocations
A: (nimble swimmer 2), mertail
a: Renounce Religion, Potion Petition, Call Merchant, Bribe Branch


You were on level 2 of the Orcish Mines.
You worshipped Gozag.
Gozag was most pleased with you.
You visited 4 branches of the dungeon, and saw 21 of its levels.
You also visited: Ice Cave.

You collected 5082 gold pieces.
You spent 1526 gold pieces at shops.
You paid 707 gold pieces to Gozag.

Inventory:

Hand Weapons
 a - the +7 short sword "Vyur" (weapon) {venom, Will+}
   (You found it on level 8 of the Dungeon)

   Will:      It increases your willpower.
 h - a +5 dagger
Missiles
 i - a throwing net
 r - 53 poisoned darts
 K - 5 silver javelins
Armour
 c - a +0 robe of resistance
 e - a +0 buckler (worn)
 f - a +0 pair of boots (worn)
 n - a +1 helmet (worn)
 s - the +0 robe of the Farrier {rElec rC+ Int-3}
   (You found it on level 8 of the Dungeon)

   Int:       It affects your intelligence (-3).
   rC:        It protects you from cold.
   rElec:     It insulates you from electricity.
 E - a +3 ring mail of cold resistance (worn)
 M - a +2 cloak (worn)
 N - a +1 pair of gloves (worn)
Magical Staves
 o - a staff of cold
Jewellery
 l - a ring of wizardry
 p - a +6 ring of intelligence (left hand)
 q - a ring of ice
 z - a ring of positive energy
 J - an amulet of magic regeneration (around neck)
 Q - the ring "Syihaor" (right hand) {rPois MP+9 Slay+3}
   (You took it off Kirke on level 5 of the Lair of Beasts)

   [ring of magical power]

   Slay:      It affects your accuracy & damage with ranged weapons and melee
   (+3).
   rPois:     It protects you from poison.
   MP:        It affects your magic capacity (+9).
Wands
 v - a wand of polymorph (5)
 w - a wand of roots (6)
 O - a wand of digging (15)
 T - a wand of mindburst (16)
 V - a wand of flame (30)
Scrolls
 b - 2 scrolls of torment
 g - 4 scrolls of vulnerability
 t - 3 scrolls of immolation
 A - 3 scrolls of teleportation
 B - 2 scrolls of fear
 C - 6 scrolls of fog
 D - a scroll of summoning
 G - 4 scrolls of blinking
 H - a scroll of amnesia {unknown}
 L - 3 scrolls of poison
 U - 2 scrolls of enchant weapon {unknown}
 Y - 4 scrolls of revelation
Potions
 d - 3 potions of lignification
 j - 4 potions of attraction
 k - 2 potions of cancellation
 m - 4 potions of enlightenment
 u - 14 potions of curing
 x - 3 potions of brilliance
 y - 2 potions of mutation
 F - a potion of might {unknown}
 P - a potion of magic {unknown}
 R - a potion of haste
 S - 2 potions of resistance
 W - a potion of heal wounds
 Z - a potion of berserk rage
Miscellaneous
 X - a phial of floods (inert)


   Skills:
 - Level 10.0 Fighting
 - Level 3.8 Short Blades
 - Level 5.0 Staves
 - Level 9.0 Dodging
 - Level 4.0 Stealth
 - Level 3.0 Shields
 - Level 7.0 Spellcasting
 - Level 10.2 Conjurations
 - Level 3.2 Necromancy
 + Level 17.5 Ice Magic
 - Level 4.0 Air Magic
 - Level 6.0 Earth Magic


You had 9 spell levels left.
You knew the following spells:

 Your Spells              Type           Power      Damage    Failure   Level
a - Ozocubu's Armour      Ice            100%       N/A       1%          3
b - Stone Arrow           Conj/Erth      100%       3d13      1%          3
c - Kiss of Death         Conj/Necr      100%       2d13      1%          1
d - Freezing Cloud        Conj/Ice/Air   39%        6-21      5%          5
e - Ozocubu's Refrigerat  Ice            51%        4d18      10%         7

Your spell library contained the following spells:

 Spells                   Type           Power      Damage    Failure   Level
 Foxfire                  Conj/Fire      100%       2x1d9     1%          1
 Magic Dart               Conj           100%       1d8       1%          1
 Sandblast                Erth           100%       2d20      1%          1
 Shock                    Conj/Air       100%       1d9       1%          1
 Searing Ray              Conj           100%       2d8       1%          2
 Hailstorm                Conj/Ice       91%        3d18      1%          3
 Necrotise                Necr           100%       1d9       4%          1
 Sublimation of Blood     Necr           40%        N/A       6%          2
 Vampiric Draining        Necr           40%        2d8       12%         3
 Apportation              Tloc           28%        N/A       16%         1
 Flame Wave               Conj/Fire      54%        2d13      19%         4
 Fulminant Prism          Conj/Hex       27%        3d14      19%         4
 Sticky Flame             Conj/Fire      54%        2d7       19%         4
 Inner Flame              Hex/Fire       14%        N/A       41%         3
 Summon Guardian Golem    Hex/Summ       14%        N/A       41%         3
 Fireball                 Conj/Fire      27%        3d12      45%         5
 Agony                    Necr           40%        N/A       73%         5
 Orb of Destruction       Conj           39%        9d11      88%         7
 Alistair's Intoxication  Tmut/Pois      9%         N/A       99%         5
 Spellforged Servitor     Conj/Summ      27%        N/A       100%        7
 Fire Storm               Conj/Fire      27%        8d7       100%        9


Dungeon Overview and Level Annotations

Branches:
Dungeon (13/15)            Temple (1/1) D:6            Lair (5/5) D:11
  Swamp (0/4) Lair:3        Snake (0/4) Lair:3        Slime (0/5) Lair:4
    Orc (1/2) D:12         Vaults (0/5) D:13          IceCv (visited)

Altars:
Ashenzari
Cheibriados
Dithmenos
Elyvilon
Fedhas
Gozag
Hepliaklqana
Kikubaaqudgha
Makhleb
Nemelex Xobeh
Okawaru
Qazlal
Ru
Sif Muna
Trog
Uskayaw
Vehumet
Wu Jian
Xom
Yredelemnul
Zin
The Shining One

Shops:
D:1 *   D:8 *   D:9 =   Orc:2 [=

Annotations:
D:3 2 transporters, 1 runed translucent door, Crazy Yiuf; shadowstone's ghost, weakling GrFi
Lair:4 3 runed translucent doors, Peulonen's ghost, journeyman TeDe; Uveod's ghost, journeyman FeEE


Innate Abilities, Weirdness & Mutations

((You are very nimble when in or above water. (Stealth+, EV+, Speed+++)))
Your lower body shifts to a powerful aquatic tail in water.


Message History

You hear a shout!
Unknown command.
The ogre mage casts a spell at the ogre.
The ogre seems to speed up.
The two-headed ogre hits you with a +0 giant club!!
The two-headed ogre hits you with a +0 giant spiked club!
The ogre shouts!
You hear two shouts!
The ogre attacks as you move away! The ogre closely misses you.
The ogre mage points at the ogre and mumbles some strange words.
The ogre seems to speed up.
You hear two shouts!
Casting: Ozocubu's Refrigeration (dangerous; 10% risk of failure)
Press: ? - help, Q - select action, (/) - cycle Dir - look around, f - activate You feel a surge of power!
The heat is drained from your surroundings.
You kill the ogre! x2
The two-headed ogre barely misses you.
The two-headed ogre hits you with a +0 giant spiked club.
The two-headed ogre hits you with a +0 giant club.
The two-headed ogre hits you with a +0 giant club!
The ogre mage gestures at the ogre mage while chanting.
The ogre mage seems to speed up.
The two-headed ogre is distracted by your dazzling golden aura.
Casting: Ozocubu's Refrigeration (dangerous; 10% risk of failure)
Press: ? - help, Q - select action, (/) - cycle Dir - look around, f - activate You feel a surge of power!
The heat is drained from your surroundings.
You kill the ogre!
You kill the two-headed ogre!
You kill the ogre!
The two-headed ogre is no longer distracted by gold.
You kill the ogre! x3
The two-headed ogre hits you with a +0 giant club!!
The two-headed ogre closely misses you.
The two-headed ogre hits you with a +0 giant club!!
* * * LOW HITPOINT WARNING * * *
The two-headed ogre misses you.
The ogre hits you with a +0 giant spiked club!!
* * * LOW HITPOINT WARNING * * *
The two-headed ogre hits you with a +0 giant club!!
You die...
Your body crumbles into a pile of gold.

##.. #...
##... #####.
#....
###......
#...##..$.$...
##..#..$....OO
#...OOO.$.$..O
#..@OOO.O...∩
#...#OO$O.O.O.
##..##.....$..
#.. ###......
#.. #####. ##.
#. .. $ $


You could see 6 two-headed ogres, 2 ogre magi and 3 ogres.

Vanquished Creatures
  Kirke (Lair:5)
  Snorg (Lair:5)
  Erolcha (D:12)
  2 hydras
  8 vault guards (D:13)
  3 catoblepae
  3 centaur warriors
  A two-headed ogre (Orc:2)
  15 death yaks
  A tengu warrior (D:13)
  A deep troll shaman (Lair:5)
  Urug (Lair:1)
  A swamp dragon (Lair:3)
  3 ugly things
  4 manticores
  A cyclops (D:12)
  3 ice statues
  8 cane toads
  3 gargoyles
  13 elephants
  A black mamba (Lair:5)
  A kobold demonologist (D:11)
  7 komodo dragons
  3 rime drakes
  A komodo dragon (shapeshifter) (D:13)
  4 ice devils (IceCv)
  An anaconda simulacrum (IceCv)
  5 trolls
  9 polar bears
  A hornet (D:9)
  Grinder (D:3)
  20 blink frogs
  Sigmund (D:3)
  4 wyverns
  A wraith (D:10)
  4 dire elephant simulacra (IceCv)
  4 vampires
  46 yaks
  3 basilisks
  A steam dragon (D:9)
  8 vampire mosquitoes
  A death yak simulacrum (IceCv)
  A harpy simulacrum (IceCv)
  2 nagas (Lair:3)
  3 acid dragons
  4 hydra simulacra (IceCv)
  14 water moccasins
  9 orc warriors
  2 sky beasts
  10 black bears
  5 ice beasts
  7 ogres (Orc:2)
  5 centaurs
  28 wolves
  2 phantoms (D:5)
  5 kobold brigands
  3 gnoll sergeants (D:12)
  18 bullfrogs
  A scorpion (D:7)
  8 wights
  2 jellies (D:6)
  7 killer bees
  An elephant simulacrum (IceCv)
  7 howler monkeys
  10 orc priests
  2 sleepcaps
  3 hounds
  4 hell rats (Lair:5)
  A scorpion zombie (D:3)
  8 iguanas
  11 orc wizards
  Terence (D:3)
  A wolf simulacrum (IceCv)
  A spriggan simulacrum (IceCv)
  A polar bear simulacrum (IceCv)
  2 hound zombies (D:3)
  7 adders
  14 gnolls
  2 shadow imps
  3 white imps
  An ufetubus (IceCv)
  6 worms
  4 dart slugs (D:1)
  34 orcs
  5 bats
  3 endoplasms
  6 giant cockroaches
  3 goblins
  7 hobgoblins
  14 kobolds
  4 quokkas
  4 ball pythons
  2 frilled lizards (D:1)
  A quokka zombie (D:3)
  6 rats
516 creatures vanquished.

Vanquished Creatures (others)
  7 humans (Lair:5)
7 creatures vanquished.

Grand Total: 523 creatures vanquished

Notes
Turn   | Place    | Note
-------+----------+-------------------------------------------
     0 | D:1      | ragingrage the Merfolk Wanderer began the quest for the
                  | Orb.
     0 | D:1      | ragingrage set off with the following items: a +0 club, a
                  | potion of berserk rage, a +0 robe, a potion of
                  | lignification; and the following spells available to
                  | memorise: Sublimation of Blood, Kiss of Death, Vampiric
                  | Draining, Sandblast, Stone Arrow.
     0 | D:1      | Reached XP level 1. HP: 18/18 MP: 4/4
     2 | D:1      | Learned a level 1 spell: Kiss of Death
   134 | D:1      | Reached skill level 1 in Stealth
   134 | D:1      | Reached XP level 2. HP: 22/23 MP: 6/6
   495 | D:1      | Reached skill level 1 in Short Blades
   498 | D:1      | Reached XP level 3. HP: 23/30 MP: 7/7
   502 | D:1      | Learned a level 3 spell: Stone Arrow
   740 | D:1      | Found Suacsad's Assorted Antiques.
  1529 | D:2      | Reached XP level 4. HP: 15/37 MP: 8/8
  1841 | D:3      | Noticed Sigmund
  1884 | D:3      | Noticed shadowstone's ghost (weakling GrFi)
  1886 | D:3      | Found a transporter.
  1898 | D:3      | Found a transporter.
  1941 | D:3      | Found a runed translucent door.
  1942 | D:3      | Noticed Crazy Yiuf
  2080 | D:3      | Noticed Grinder
  2153 | D:4      | Reached XP level 5. HP: 10/42 MP: 9/9
  2155 | D:4      | Reached skill level 1 in Conjurations
  2155 | D:4      | Reached skill level 1 in Earth Magic
  2276 | D:4      | Noticed a black bear
  2287 | D:4      | Killed a black bear
  2288 | D:4      | Reached XP level 6. HP: 44/48 MP: 10/10
  2304 | D:4      | You fall into a shaft and drop 3 floors!
  2378 | D:5      | Entered Level 5 of the Dungeon
  2548 | D:5      | Learned a level 3 spell: Ozocubu's Armour
  2671 | D:4      | Reached skill level 1 in Ice Magic
  3125 | D:4      | Reached XP level 7. HP: 53/53 MP: 11/11
  3337 | D:4      | Reached skill level 2 in Ice Magic
  3805 | D:3      | Killed Grinder
  3974 | D:3      | Noticed Terence
  3977 | D:3      | Killed Terence
  4173 | D:3      | Found a basalt altar of Yredelemnul.
  4309 | D:3      | Reached XP level 8. HP: 60/60 MP: 12/12
  4478 | D:3      | Killed Sigmund
  5024 | D:5      | Reached skill level 3 in Ice Magic
  5221 | D:5      | Reached skill level 5 in Fighting
  5458 | D:6      | Reached skill level 4 in Ice Magic
  5578 | D:6      | Reached skill level 1 in Staves
  5751 | D:6      | Found a staircase to the Ecumenical Temple.
  5764 | Temple   | Entered the Ecumenical Temple
  5768 | Temple   | Became a worshipper of Gozag Ym Sagoz the Greedy
  6217 | D:6      | Reached XP level 9. HP: 55/68 MP: 0/13
  6952 | D:7      | Found a sacrificial altar of Ru.
  6952 | D:7      | Found a broken altar of Ashenzari.
  8367 | D:8      | Reached skill level 5 in Ice Magic
  8395 | D:8      | Found Juorext's Assorted Antiques.
  8408 | D:8      | Identified the +7 short sword "Vyur" {venom, Will+}
  8456 | D:8      | Bought a purple potion for 23 gold pieces
  8456 | D:8      | Bought a distressingly furry leather armour for 182 gold
                  | pieces
  8456 | D:8      | Identified the +1 leather armour of Trial and Error {Dex+3}
                  | (You bought it in a shop on level 8 of the Dungeon)
  8524 | D:8      | Identified the +0 robe of the Farrier {rElec rC+ Int-3}
  8542 | D:8      | Found a stormy altar of Qazlal.
  8554 | D:8      | Reached skill level 5 in Staves
  8727 | D:8      | HP: 1/68 [orc priest/divine providence (15)]
  9154 | D:8      | Reached skill level 5 in Conjurations
  9154 | D:8      | Reached skill level 6 in Ice Magic
  9154 | D:8      | Reached skill level 5 in Earth Magic
  9218 | D:8      | Found a glowing silver altar of Zin.
  9218 | D:8      | Found a glowing golden altar of the Shining One.
  9218 | D:8      | Found a white marble altar of Elyvilon.
  9377 | D:8      | Found a shimmering altar of Xom.
  9385 | D:8      | Found a blossoming altar of Fedhas.
  9471 | D:8      | Found a shadowy altar of Dithmenos.
  9476 | D:8      | Reached XP level 10. HP: 66/74 MP: 7/14
 10186 | D:9      | Found Osche's Jewellery Emporium.
 10205 | D:9      | Bought an amulet of magic regeneration for 390 gold pieces
 10239 | D:9      | Noticed a gargoyle
 10241 | D:9      | Killed a gargoyle
 11146 | D:10     | Entered Level 10 of the Dungeon
 11550 | D:10     | Reached skill level 5 in Dodging
 11572 | D:10     | Identified the +7 flail of the Salmon {drain, Fragile rCorr
                  | Dex+5 SInv}
 12287 | D:11     | Reached XP level 11. HP: 68/84 MP: 7/15
 12605 | D:11     | Found a staircase to the Lair.
 13253 | D:11     | Noticed a brown ugly thing
 13276 | D:11     | Killed a brown ugly thing
 14047 | D:11     | Reached skill level 10 in Fighting
 14124 | D:11     | Identified the +1 trident of Rumiwn {holy, rElec Int+3}
 14215 | Lair:1   | Entered Level 1 of the Lair of Beasts
 14564 | D:11     | Reached XP level 12. HP: 89/97 MP: 9/16
 14947 | Lair:1   | Noticed Urug
 15662 | Lair:1   | Reached skill level 10 in Conjurations
 16250 | Lair:1   | Killed Urug
 16492 | Lair:1   | Reached skill level 7 in Ice Magic
 17018 | D:1      | Bought a phial of floods for 760 gold pieces
 17018 | D:1      | Bought a potion of heal wounds for 95 gold pieces
 17018 | D:1      | Bought a potion of curing for 57 gold pieces
 17018 | D:1      | Bought a scroll labelled GOLICU PEBAA for 19 gold pieces
 17392 | Lair:2   | Noticed a catoblepas
 17402 | Lair:1   | Killed a catoblepas
 17403 | Lair:1   | Reached skill level 8 in Ice Magic
 17796 | Lair:2   | Noticed a catoblepas
 17809 | Lair:2   | Killed a catoblepas
 17810 | Lair:2   | Reached skill level 9 in Ice Magic
 17886 | Lair:2   | Noticed a five-headed hydra
 17895 | Lair:2   | Killed a five-headed hydra
 17896 | Lair:2   | Reached XP level 13. HP: 103/103 MP: 6/17
 18005 | Lair:2   | Reached skill level 10 in Ice Magic
 18275 | Lair:2   | Reached skill level 11 in Ice Magic
 18922 | Lair:2   | Identified a scroll of acquirement
 18925 | Lair:2   | Acquired the Incunable of Energy
 18933 | Lair:2   | Learned a level 5 spell: Freezing Cloud
 19198 | Lair:3   | Found a staircase to the Snake Pit.
 19239 | Lair:3   | Reached skill level 1 in Air Magic
 19254 | Lair:3   | Identified the +8 orcbow "Ultimatum" {flame, rPois}
 19333 | Lair:3   | Found a frozen archway.
 19349 | IceCv    | Entered an ice cave
 20695 | IceCv    | Noticed a reaper
 21335 | Lair:3   | Found a staircase to the Swamp.
 21422 | Lair:4   | Reached skill level 12 in Ice Magic
 22109 | Lair:4   | Found a staircase to the Slime Pits.
 22157 | Lair:4   | Reached skill level 5 in Spellcasting
 22822 | Lair:4   | Found a runed translucent gate.
 22822 | Lair:4   | Found a runed translucent gate.
 22822 | Lair:4   | Found a runed translucent gate.
 22826 | Lair:4   | Noticed Peulonen's ghost (journeyman TeDe)
 22826 | Lair:4   | Noticed Uveod's ghost (journeyman FeEE)
 23021 | Lair:5   | Entered Level 5 of the Lair of Beasts
 23293 | Lair:5   | Reached XP level 14. HP: 110/110 MP: 11/22
 23391 | Lair:4   | Upgraded the game from 0.31-a0-369-g8eba5f6939 to
                  | 0.31-a0-431-g88bdf31460
 23456 | Lair:5   | Reached skill level 13 in Ice Magic
 24114 | Lair:5   | Reached skill level 14 in Ice Magic
 24400 | Lair:5   | Noticed Snorg
 24406 | Lair:5   | Killed Snorg
 24954 | Lair:5   | Identified the ring "Syihaor" {rPois MP+9 Slay+3}
 24954 | Lair:5   | Noticed Kirke
 24961 | Lair:5   | Killed Kirke
 25007 | Lair:5   | Reached skill level 15 in Ice Magic
 25525 | Lair:5   | Learned a level 7 spell: Ozocubu's Refrigeration
 25851 | D:12     | Noticed Erolcha
 25857 | D:12     | Killed Erolcha
 26676 | D:12     | Reached skill level 1 in Shields
 27099 | D:12     | Reached skill level 16 in Ice Magic
 27282 | D:12     | Found a staircase to the Orcish Mines.
 28081 | D:13     | Found a gate to the Vaults.
 28092 | D:13     | Reached XP level 15. HP: 92/115 MP: 25/25
 28114 | D:13     | Reached skill level 17 in Ice Magic
 28930 | Orc:1    | Entered Level 1 of the Orcish Mines
 29034 | Orc:1    | You fall into a shaft and drop 1 floor!
 29034 | Orc:2    | Entered Level 2 of the Orcish Mines
 29034 | Orc:2    | Found Xiadweve's Jewellery Shop.
 29034 | Orc:2    | Found Bagiupus's Antique Armour Emporium.
 29039 | Orc:2    | HP: 1/115 [ogre/+0 giant spiked club (19)]
 29039 | Orc:2    | Demolished by a two-headed ogre

Illustrated notes

Levels and vault maps discovered:
D:1:      roderic_chinese_lattice_arrival, layout_loops_cross, serial_shops,
          nicolae_shop_pleasant_corner_grove, hangedman_decor_points,
          minmay_misc_feat_enclosed
D:2:      layout_loops_ring, kennysheep_generic_room_13
D:3:      layout_basic, nicolae_yredelemnul_corpse_copse, gammafunk_ghost_arena,
          hangedman_decor_growths, st_stairs_2, uniq_sigmund, uniq_grinder,
          uniq_crazy_yiuf_cottage, uniq_terence
D:4:      layout_cave_pools, serial_column_ruins, column_ruins_hut,
          column_ruins_square_medium, column_ruins_grid_1,
          column_ruins_open_large, column_ruins_open_tiny,
          column_ruins_columns_straight, minmay_quantized
D:5:      nicolae_cairo_tiling_large_dashed, layout_basic
D:6:      layout_basic, minmay_temple_entry_crystal_x
D:7:      layout_loops_corners, chequers_temple_overflow_statue_of_worship
D:8:      layout_rooms, dreamdust_divine_triumvirate,
          mainiacjoe_overflow_big_doors, nicolae_qazlal_general_emergency,
          lemuel_coloured_pillars_altar, serial_shops, nicolae_shop_waterfront,
          bh_walls_and_bars
D:9:      layout_grid_maze, serial_shops, shop_coins
D:10:     layout_gridville
D:11:     lemuel_ice_statue, layout_basic, hellmonk_lair_entry_icy
D:12:     layout_roguey, kennysheep_orc_monster_closet_entryway,
          grunt_decor_mini_mirrors, serial_bayou_crossing, uniq_erolcha
D:13:     layout_loops_ring, erik_vaults_2
Temple:   hellmonk_temple_two_chambers
Lair:1:   beast_lair_carwin_large_1, layout_regular_city,
          chequers_serial_rivers_micro_d, grunt_megastairs_2, uniq_urug
Lair:2:   layout_hall_layers
Lair:3:   layout_long_grid, minmay_swamp_entry_reptiles,
          guppyfry_snake_entry_garden, portal_ice_cave_entry_pillars_1
Lair:4:   layout_roguey, slime_entry_1, serial_rivers,
          chequers_serial_rivers_small_3, chequers_serial_rivers_micro_d,
          chequers_serial_rivers_marsh, chequers_serial_rivers_room_a,
          chequers_serial_rivers_small_3, gammafunk_ghost_cemetery
Lair:5:   grunt_lair_end_beastmaster, layout_concentric_octagons, uniq_kirke,
          uniq_snorg
Orc:1:    layout_diamond_mine, gammafunk_ghost_berserking_beasts, uniq_jorgrun
Orc:2:    st_orc_ogre_mass, layout_caves, special_room, uniq_rupert

Skill      XL: |  1  2  3  4  5  6  7  8  9 10 11 12 13 14 15 |
---------------+----------------------------------------------+-----
Stealth        | 1 2 4 |  4.0
Short Blades   | 1 3 |  3.8
Conjurations   | 2 4 5 6 8 10 | 10.2
Earth Magic    | 2 4 5 6 |  6.0
Ice Magic      | 1 2 4 6 9 12 16 17 | 17.5
Fighting       | 5 7 10 | 10.0
Dodging        | 4 7 9 |  9.0
Staves         | 3 5 |  5.0
Air Magic      | 4 |  4.0
Spellcasting   | 5 7 |  7.0
Shields        | 3 |  3.0
Necromancy     | |  3.2

Action                     |  1- 3 |  4- 6 |  7- 9 | 10-12 | 13-15 || total
---------------------------+-------+-------+-------+-------+-------++-------
  Melee: Short sword       |   102 |    55 |    38 |   186 |   152 ||   533
         Club              |     4 |       |       |       |       ||     4
         Tailslap          |     1 |       |       |       |       ||     1
         Punch             |       |     1 |       |     4 |     1 ||     6
         Quarterstaff      |       |    49 |    86 |    63 |    51 ||   249
  Throw: Dart              |       |       |       |     3 |     2 ||     5
         Throwing net      |       |       |       |     1 |       ||     1
   Cast: Kiss of Death     |     1 |       |       |     1 |       ||     2
         Stone Arrow       |       |     2 |   112 |   274 |   339 ||   727
         Ozocubu's Armour  |       |       |     2 |     8 |     3 ||    13
         Freezing Cloud    |       |       |       |       |    46 ||    46
         Ozocubu's Refrige |       |       |       |       |    23 ||    23
 Invoke: Potion Petition   |       |       |       |     1 |     1 ||     2
  Evoke: Wand              |       |       |     1 |     4 |     1 ||     6
         Phial of floods   |       |       |       |       |     1 ||     1
    Use: Scroll            |       |     2 |     6 |     7 |    12 ||    27
         Potion            |       |     2 |     3 |       |     2 ||     7
   Stab: Sleeping          |     5 |     3 |     1 |       |       ||     9
         Distracted        |       |     1 |     2 |     1 |       ||     4
 Armour: Robe              |    16 |    25 |     2 |       |       ||    43
         Ring mail         |       |       |    52 |   162 |   129 ||   343
  Dodge: Dodged            |    48 |    46 |    86 |   270 |   192 ||   642
  Block: Buckler           |       |       |       |       |     9 ||     9

Table legend: (Time is in decaauts)
 A = Elapsed time spent in this place.
 B = Non-inter-level travel time spent in this place.
 C = Inter-level travel time spent in this place.
 D = Time resting spent in this place.
 E = Time spent auto-exploring this place.
 F = Levels seen in this place.
 G = Mean time per level.
                   A        B        C        D        E       F      G
               +--------+--------+--------+--------+--------+-----+--------+
         Total |  28937 |  26845 |   2092 |   8210 |  14269 |  22 | 1315.3 |
       Dungeon |  17776 |  16520 |   1256 |   4198 |   9936 |  13 | 1367.4 |
        Temple |      8 |      1 |      7 |      0 |      0 |   1 |    8.0 |
          Lair |   9649 |   8821 |    828 |   3100 |   3994 |   5 | 1929.8 |
  Orcish Mines |    108 |    108 |      0 |     21 |     61 |   2 |   54.0 |
      Ice Cave |   1393 |   1393 |      0 |    891 |    277 |   1 | 1393.0 |
               +--------+--------+--------+--------+--------+-----+--------+

Top non-repeatable levels by time:
  Lair:1: 2640 daAuts
    D:11: 2108 daAuts
  Lair:5: 2057 daAuts
  Lair:4: 2020 daAuts
    D:12: 1934 daAuts
     D:7: 1689 daAuts
     D:9: 1615 daAuts
  Lair:2: 1505 daAuts
     D:6: 1447 daAuts
  Lair:3: 1425 daAuts
   IceCv: 1393 daAuts
     D:4: 1387 daAuts
    D:10: 1339 daAuts
     D:3: 1185 daAuts
     D:5: 1158 daAuts
